 Dungeon Crawl Stone Soup version 0.21.1-1-g345015f (webtiles) character file.

662 gerrrit the Poker (level 7, 0/61 HPs)
             Began as a Minotaur Abyssal Knight on Apr 2, 2018.
             Was an Elder of Lugonu.
             Succumbed to a gnoll's poison
             ... on level 4 of the Dungeon.
             The game lasted 00:22:31 (3802 turns).

gerrrit the Poker (Minotaur Abyssal Knight)         Turns: 3802, Time: 00:22:32

Health: 0/61       AC:  7    Str: 19    XL:     7   Next: 30%
Magic:  7/7        EV: 10    Int:  9    God:    Lugonu [****..]
Gold:   122        SH:  3    Dex:  9    Spells: 6/6 levels left

rFire    . . .     SeeInvis .   a - +1 spear
rCold    . . .     Gourm    .   i - +0 buckler
rNeg     . . .     Faith    .   e - +0 scale mail
rPois    .         Spirit   .   (helmet restricted)
rElec    .         Reflect  .   (no cloak)
rCorr    .         Harm     .   (no gloves)
MR       .....                  (no boots)
Stlth    ..........             (no amulet)
HPRegen  0.20/turn              l - ring of flight
MPRegen  0.10/turn              (no ring)

@: lethally poisoned (0 -> -19)
A: retaliatory headbutt, horns 2
a: Depart the Abyss, Bend Space, Banish, Corrupt, Renounce Religion, Evoke
Flight


You were on level 4 of the Dungeon.
You worshipped Lugonu.
Lugonu was greatly pleased with you.
You were hungry.

You visited 1 branch of the dungeon, and saw 4 of its levels.
You visited the Abyss 1 time.

You collected 122 gold pieces.

Inventory:

Hand Weapons
 a - a +1 spear (weapon)
 h - a +4 dagger
 j - a +0 spear
 k - a +0 club
 o - a +0 halberd
 u - a +0 giant spiked club
 v - a +1 falchion of freezing
Armour
 b - a +0 leather armour
 e - a +0 scale mail (worn)
 i - a +0 buckler (worn)
 p - a +0 shield
 w - a +0 animal skin
Jewellery
 l - a ring of flight (left hand)
 n - a cursed -3 ring of protection {unknown}
Wands
 q - a wand of digging (7)
 t - a wand of acid (1)
Scrolls
 d - 2 scrolls of magic mapping
 g - a scroll of teleportation
 r - 3 scrolls of remove curse
Potions
 f - a potion of agility {unknown}
 m - a potion of cancellation {unknown}
 s - a potion of curing {unknown}
Comestibles
 c - 8 rations


   Skills:
 + Level 5.5 Fighting
 + Level 6.2 Polearms
 + Level 5.5 Armour
 + Level 2.9 Dodging
 + Level 0.1 Stealth
 + Level 1.3 Shields
 + Level 1.9 Invocations
 + Level 0.1 Evocations


You had 6 spell levels left.
You didn't know any spells.

Dungeon Overview and Level Annotations

Branches:
Dungeon (4/15)
 Temple: D:4-7

Altars:
Vehumet

Annotations:
D:4 Sigmund


Innate Abilities, Weirdness & Mutations

You reflexively headbutt those who attack you in melee.
You have a pair of horns on your head.


Message History

You feel sick. You block the gnoll's attack.
* * * LOW HITPOINT WARNING * * *
You feel sick. The gnoll hits you but does no damage.
Things that are here:
a club; a scale mail You hit the gnoll but do no damage.
* * * LOW HITPOINT WARNING * * *
You feel sick.
The gnoll hits you from afar with a spear of venom.
* * * LOW HITPOINT WARNING * * *
You are more poisoned.
You block the gnoll's attack.
You puncture the gnoll!
You kill the gnoll!
Lugonu accepts your kill.
* * * LOW HITPOINT WARNING * * *
You feel sick. You block the gnoll's attack.
* * * LOW HITPOINT WARNING * * *
You feel sick.
You die...

. #................
...###.....####.........
..........# #.........
..............# #....)....
.............. #.....#...
.....(....... #....###.#
.............. # #.....#...
#.........# #.####.###......._.
###(........###.@......#.....#...
..............#).......#....###.#
..............g).......#.....#...
.....###......##.......###.......
..............##........##.......
.............##########.##.......
.............# #...............
.......###########.........###...
...........................#.....


You could see a gnoll.

Vanquished Creatures
  2 ogres (D:4)
  The ghost of GenChuck the Conjurer, a weakling TeCj of Sif Muna (D:3)
  An orc priest (D:3)
  A gnoll shaman (D:4)
  An orc wizard (D:3)
  Jessica (D:2)
  Terence (D:2)
  A worker ant (D:4)
  Robin (D:4)
  5 gnolls (D:4)
  10 adders
  A howler monkey skeleton (D:4)
  An ooze (D:3)
  An adder skeleton (D:4)
  2 worms
  2 dart slugs (D:1)
  3 leopard geckos
  11 orcs
  2 ball pythons
  11 bats
  9 giant cockroaches
  12 goblins
  14 hobgoblins
  4 jackals (D:1)
  3 quokkas
  4 frilled lizards
  9 kobolds
  9 rats
123 creatures vanquished.

Notes
Turn   | Place    | Note
-------+----------+-------------------------------------------
     0 | Abyss:1  | gerrrit the Minotaur Abyssal Knight began the quest for the Orb.
     0 | Abyss:1  | Reached XP level 1. HP: 19/19 MP: 1/1
    57 | D:1      | Escaped the Abyss
   234 | D:1      | Reached XP level 2. HP: 24/27 MP: 2/2
   329 | D:1      | Reached skill level 3 in Polearms
   588 | D:1      | Reached ** piety under Lugonu
   591 | D:1      | Reached XP level 3. HP: 30/33 MP: 3/3
   867 | D:2      | Noticed Jessica
   875 | D:2      | Killed Jessica
  1054 | D:2      | Reached XP level 4. HP: 41/41 MP: 4/4
  1259 | D:2      | Noticed Terence
  1272 | D:2      | Killed Terence
  1272 | D:2      | Reached skill level 4 in Polearms
  1394 | D:2      | Reached XP level 5. HP: 44/47 MP: 5/5
  1488 | D:2      | Reached *** piety under Lugonu
  1495 | D:2      | Found a faded altar of an unknown god.
  1919 | D:3      | Noticed GenChuck's ghost (weakling TeCj)
  1929 | D:3      | Killed GenChuck's ghost
  1929 | D:3      | Reached skill level 5 in Fighting
  2335 | D:3      | Reached skill level 5 in Polearms
  2593 | D:3      | Reached XP level 6. HP: 34/56 MP: 6/6
  3017 | D:4      | Found a radiant altar of Vehumet.
  3136 | D:4      | Noticed Sigmund
  3216 | D:4      | Reached skill level 1 in Shields
  3623 | D:4      | Reached skill level 5 in Armour
  3623 | D:4      | Reached XP level 7. HP: 61/61 MP: 7/7
  3683 | D:4      | Reached skill level 6 in Polearms
  3725 | D:4      | Noticed Robin
  3734 | D:4      | Reached **** piety under Lugonu
  3749 | D:4      | Killed Robin
  3801 | D:4      | HP: 2/61 [poisoned by a gnoll]
  3802 | D:4      | Succumbed to a gnoll's poison

Skill      XL: |  1  2  3  4  5  6  7 |
---------------+----------------------+-----
Polearms       | 3 4 5 6 |  6.2
Armour         | 3 4 5 |  5.5
Fighting       | 4 5 |  5.5
Dodging        | 2 |  2.9
Shields        | 1 |  1.3
Stealth        | |  0.1
Invocations    | |  1.9
Evocations     | |  0.1

Action                   |  1- 3 |  4- 6 |  7- 9 || total
-------------------------+-------+-------+-------++-------
Melee: Spear             |    91 |   257 |    48 ||   396
       Headbutt          |    13 |    21 |    12 ||    46
Evoke: Wand              |       |     2 |     1 ||     3
  Use: Scroll            |     2 |     7 |     1 ||    10
  Eat: Chunk             |       |     2 |       ||     2
       Ration            |       |     2 |       ||     2
Armor: Scale mail        |    27 |   120 |    21 ||   168
       Leather armour    |     4 |       |       ||     4
Dodge: Dodged            |    43 |   108 |    21 ||   172
Block: Buckler           |     3 |    26 |     9 ||    38
